Map: Romanticide LE

Players

soul

  • Race: Terran Terran
  • League: Grandmaster
  • Spawn Location: 5:00

Serral - Winner!

  • Race: Zerg Zerg
  • League: Grandmaster
  • Spawn Location: 11:00

Event: DreamHack SC2 Masters 2020 Winter

VOD

Have the link to the VOD?

Description

Time

  • Played on: Oct. 25, 2020, 12:39 p.m.
  • Length: 10:13

All games in this series

Show
View Real Time Build Order
Export as new Build Order

soul Terran 

Build Orders:  

Get SALT Encoding   

  12  0:00  SCV  
  13  0:12  SCV  
  14  0:17  Supply Depot  
  14  0:24  SCV  
  15  0:38  SCV  
  15  0:41  Barracks  
  16  0:45  Refinery  
  16  0:50  SCV  
  17  1:02  SCV  
  18  1:14  SCV  
  19  1:28  Marine  
  19  1:29  Orbital Command, Barracks  
  20  1:35  Supply Depot  
  20  1:40  Bunker  
  20  1:46  Marine  
  21  1:55  SCV  
  21  2:00  Factory  
  22  2:04  Marine  
  22  2:07  SCV  
  24  2:19  SCV  
  27  2:26  Supply Depot  
  27  2:35  Barracks Reactor  
  25  2:38  Command Center  
  25  2:42  Reaper  
  25  2:43  SCV  
  27  2:55  SCV  
  27  2:56  Bunker  
  28  3:04  Factory Tech Lab  
  28  3:08  SCV  
  29  3:13  Marine  
  29  3:15  Command Center  
  30  3:21  Hellion  
  30  3:24  Barracks Tech Lab  
  32  3:28  Hellion  
  32  3:30  SCV  
  35  3:34  Starport  
  35  3:39  Refinery  
  35  3:42  SCV  
  35  3:53  Hellion x2  
  35  3:54  SCV  
  40  4:06  SCV  
  41  4:12  Orbital Command  
  41  4:18  SCV  
  41  4:22  Barracks Tech Lab  
  41  4:23  Siege Tank  
  45  4:28  SCV  
  45  4:30  Marine  
  45  4:31  SCV, Marine  
  49  4:37  SCV  
  50  4:42  Supply Depot  
  50  4:43  SCV  
  51  4:45  Orbital Command  
  51  4:46  Marine  
  51  4:49  SCV, Stimpack  
  53  4:54  Liberator  
  53  4:55  SCV  
  53  4:57  Marine  
  58  5:00  Marine  
  58  5:01  SCV  
  58  5:04  Marine  
  61  5:08  SCV  
  61  5:09  Supply Depot  
  61  5:12  SCV  
  61  5:13  SCV  
  64  5:15  Marine  
  64  5:18  Marine  
  64  5:20  SCV  
  67  5:22  Supply Depot, Marine  
  67  5:24  SCV  
  67  5:25  SCV  
  70  5:32  SCV, Barracks  
  70  5:33  Engineering Bay  
  71  5:36  SCV, Engineering Bay, Marine  
  71  5:37  SCV  
  71  5:38  Starport Reactor  
  71  5:40  Marine  
  71  5:41  Orbital Command  
  75  5:44  SCV  
  75  5:46  Refinery x2, Marine  
  77  5:52  Supply Depot  
  77  5:53  SCV  
  77  5:54  Marine  
  77  5:56  SCV  
  80  5:58  Marine  
  80  6:03  Terran Infantry Weapons Level 1, Terran Infantry Armor Level 1  
  81  6:05  SCV  
  81  6:08  Supply Depot  
  81  6:10  SCV x2, Supply Depot  
  84  6:11  Marine  
  84  6:12  Marine  
  84  6:16  Marine  
  84  6:18  SCV  
  88  6:21  Barracks Reactor  
  88  6:22  SCV, Medivac x2  
  88  6:23  SCV  
  94  6:29  Marine  
  94  6:30  SCV, Marine  
  94  6:33  Supply Depot  
  94  6:34  SCV, Combat Shield, Marine  
  94  6:35  SCV  
  97  6:42  SCV  
  97  6:46  SCV, Siege Tank  
  102  6:47  Marine x2  
  102  6:48  SCV  
  105  6:54  SCV  
  105  6:58  SCV  
  105  6:59  Barracks  
  105  7:01  Barracks  
  107  7:02  Medivac x2  
  107  7:08  Supply Depot  
  111  7:11  SCV  
  111  7:12  Supply Depot, Marine x5  
  111  7:14  SCV  
  111  7:15  SCV  
  119  7:18  Siege Tank  
  119  7:23  SCV  
  119  7:28  Barracks  
  120  7:30  Marine x2, Barracks x2  
  120  7:31  Armory  
  120  7:34  Supply Depot  
  122  7:37  Supply Depot, Marine x2  
  122  7:39  Marine  
  125  7:48  Marine x2  
  125  7:49  Barracks Reactor  
  125  7:50  Barracks Reactor, Siege Tank  
  130  7:53  Medivac  
  130  7:55  Marine x2  
  130  7:58  Supply Depot, Marine  
  135  8:01  Supply Depot  
  135  8:06  Marine x2  
  137  8:13  Medivac, Marine x2  
  137  8:16  Marine  
  137  8:19  Marine x3  
  145  8:22  Supply Depot, Siege Tank  
  145  8:24  Marine x2  
  145  8:25  Supply Depot  
  145  8:26  Marine x4  
  153  8:30  Marine  
  153  8:31  Supply Depot x2, Marine  
  153  8:33  Marine  
  156  8:36  Marine x3  
  159  8:41  Marine  
  159  8:42  Marine  
  159  8:44  Marine x3  
  159  8:45  Marine  
  165  8:48  Marine  
  165  8:49  Marine  
  165  8:52  Marine  
  165  8:54  Marine  
  169  8:59  Marine, Siege Tank  
  169  9:01  Marine x3  
  172  9:09  Marine x4  
  124  9:11  Marine  
  124  9:13  Marine  
  124  9:15  Marine x2  
  124  9:17  Medivac, Marine  
  123  9:18  Marine  
  123  9:19  Marine  
  123  9:22  Marine  
  129  9:26  Marine x3  
  129  9:27  Marine  
  129  9:29  Marine  
  129  9:31  Marine, Siege Tank  
  138  9:33  Marine x2  
  138  9:34  Marine  
  138  9:36  Marine  
  138  9:37  Marine  
  143  9:40  Marine  
  143  9:44  Marine x3  
  143  9:45  Marine  
  136  9:46  Marine  
  136  9:48  Marine  
  136  9:51  Marine  
  136  9:52  Marine  
  116  9:54  Marine  
Show
View Real Time Build Order
Export as new Build Order

Serral Zerg - Winner!

Build Orders: 3 Hatch before Pool 

Get SALT Encoding   

  12  0:00  Drone  
  13  0:12  Overlord  
  13  0:17  Drone  
  14  0:31  Drone x2  
  14  0:34  Drone  
  17  0:51  Hatchery  
  17  0:55  Drone  
  17  1:15  Hatchery  
  16  1:18  Drone  
  17  1:32  Spawning Pool  
  16  1:34  Drone  
  16  1:38  Drone  
  18  1:41  Drone  
  18  1:45  Drone  
  20  1:56  Drone, Extractor  
  20  2:03  Drone  
  20  2:07  Overlord  
  21  2:14  Drone  
  22  2:18  Queen, Drone  
  22  2:20  Queen  
  29  2:32  Drone  
  29  2:35  Drone  
  31  2:38  Drone  
  31  2:40  Drone  
  36  2:52  Overlord  
  36  2:55  Drone  
  37  2:58  Drone  
  37  3:01  Metabolic Boost  
  33  3:06  Queen  
  33  3:09  Zergling x2  
  33  3:12  Drone  
  37  3:14  Drone  
  37  3:15  Hatchery  
  37  3:20  Overlord  
  37  3:22  Drone  
  38  3:30  Zergling x4  
  38  3:32  Drone x2  
  42  3:36  Queen  
  42  3:40  Overlord  
  44  3:43  Drone  
  44  3:45  Queen  
  47  3:49  Drone  
  48  3:56  Overlord  
  48  4:04  Zergling x2  
  48  4:05  Zergling x2  
  48  4:06  Drone x2  
  48  4:07  Drone  
  53  4:11  Drone  
  53  4:12  Queen  
  53  4:16  Drone x3  
  59  4:19  Extractor  
  59  4:24  Zergling x2  
  59  4:25  Queen, Evolution Chamber x2  
  59  4:28  Drone x2  
  59  4:29  Drone  
  62  4:33  Overlord  
  62  4:35  Drone  
  62  4:36  Drone  
  63  4:39  Zergling x2  
  63  4:40  Drone x2  
  66  4:47  Drone  
  66  4:52  Drone x2  
  69  4:54  Zerg Melee Weapons Level 1, Zerg Ground Armor Level 1  
  69  4:59  Overlord  
  69  5:00  Drone  
  69  5:01  Drone x2  
  69  5:02  Drone  
  69  5:06  Baneling Nest  
  72  5:08  Zergling x2  
  72  5:09  Drone  
  72  5:11  Drone x2  
  72  5:13  Drone  
  77  5:20  Lair  
  77  5:23  Hatchery  
  77  5:24  Extractor x2  
  77  5:25  Drone x2  
  77  5:27  Drone  
  77  5:32  Drone x4  
  81  5:35  Overlord  
  81  5:37  Zergling x4  
  81  5:39  Overlord  
  83  5:43  Drone  
  83  5:45  Overlord  
  83  5:46  Spore Crawler  
  83  5:48  Zergling x6  
  86  5:51  Overlord  
  86  5:57  Drone  
  86  5:59  Drone x3  
  86  6:01  Baneling x7  
  86  6:02  Baneling  
  90  6:09  Drone  
  90  6:10  Overlord, Drone x3  
  94  6:12  Zergling x8  
  94  6:16  Overlord  
  98  6:20  Centrifical Hooks  
  98  6:21  Zergling x4  
  101  6:25  Zergling x2  
  101  6:28  Zergling x8  
  105  6:35  Queen  
  105  6:37  Overlord  
  105  6:38  Zergling x14, Overseer  
  114  6:41  Baneling x5  
  114  6:42  Baneling  
  114  6:45  Drone  
  114  6:46  Drone x2  
  116  6:48  Hydralisk Den  
  116  6:50  Extractor  
  115  6:54  Drone x4  
  115  6:59  Zerg Ground Armor Level 2  
  115  7:01  Drone  
  119  7:06  Zergling x10  
  124  7:12  Zerg Melee Weapons Level 2  
  124  7:16  Drone x5  
  127  7:23  Overlord  
  127  7:24  Drone  
  127  7:25  Drone x2  
  127  7:28  Drone, Extractor  
  127  7:29  Drone  
  131  7:30  Muscular Augments  
  131  7:32  Hydralisk x2  
  135  7:37  Overlord x8  
  135  7:49  Hydralisk  
  135  7:50  Hydralisk x3  
  143  7:54  Hatchery  
  143  7:57  Hydralisk x2  
  146  8:03  Zergling x20  
  156  8:13  Zergling x14  
  156  8:19  Zergling x8  
  167  8:23  Extractor  
  167  8:24  Infestation Pit  
  167  8:26  Drone x3  
  168  8:30  Zergling x12  
  168  8:33  Baneling  
  174  8:36  Baneling x21  
  174  8:41  Zergling x14, Grooved Spines  
  181  8:48  Zergling x12  
  187  8:54  Zergling x8  
  191  8:56  Baneling x12  
  191  8:59  Zergling x8  
  193  9:08  Zergling x8  
  175  9:11  Zergling x8  
  175  9:16  Queen  
  180  9:17  Baneling  
  180  9:18  Baneling x11  
  180  9:25  Zergling x22  
  180  9:28  Baneling  
  180  9:29  Baneling x7  
  180  9:30  Zergling x8  
  194  9:34  Baneling  
  194  9:35  Baneling x4  
  194  9:37  Zergling x8  
  197  9:40  Zergling x2  
  181  9:47  Zergling x12  
  181  9:50  Zergling x4  
  170  9:52  Zergling x2  
  170  9:53  Zergling x2  
Tags
 
Add a new tag
Caveats
  • Supply blocks, unpowered buildings, or Contaminate may cause inaccurate times.
  • Supply counts are checked every 10 seconds.